 Dungeon Crawl Stone Soup version 0.22-a0-284-g99d1f74 (webtiles) character file.

26 Kairos the Charmwright (level 3, 27/27 HPs)
             Began as a Human Skald on Mar 22, 2018.
             Got out of the dungeon alive.
             The game lasted 00:01:32 (1396 turns).

Kairos the Charmwright (Human Skald)                Turns: 1396, Time: 00:01:32

Health: 27/27      AC:  3    Str: 12    XL:     3   Next: 22%
Magic:  6/6        EV: 12    Int: 13    God:
Gold:   53         SH:  0    Dex: 12    Spells: 5/6 levels left

rFire    . . .     SeeInvis .   a - +0 mace
rCold    . . .     Gourm    .   (no shield)
rNeg     . . .     Faith    .   b - +0 leather armour
rPois    .         Spirit   .   (no helmet)
rElec    .         Reflect  .   (no cloak)
rCorr    .         Harm     .   (no gloves)
MR       .....                  (no boots)
Stlth    +.........             (no amulet)
HPRegen  0.09/turn              (no ring)
MPRegen  0.10/turn              (no ring)

@: no status effects
A: no striking features
a: no special abilities


You escaped.
You were hungry.

You visited 1 branch of the dungeon, and saw 1 of its levels.

You collected 53 gold pieces.

Inventory:

Hand Weapons
 a - a +0 mace (weapon)
Armour
 b - a +0 leather armour (worn)
Scrolls
 c - a scroll of magic mapping
 e - a scroll of teleportation
 h - a scroll of fear {unknown}
Potions
 f - 2 potions of agility {unknown}
 g - a potion of might {unknown}
 j - a potion of brilliance {unknown}
Comestibles
 d - 4 rations


   Skills:
 + Level 2.2 Fighting
 + Level 2.2 Maces & Flails
 + Level 1.3 Armour
 + Level 2.0 Dodging
 + Level 0.2 Stealth
 + Level 2.1 Spellcasting
 + Level 3.5 Charms


You had 5 spell levels left.
You knew the following spells:

 Your Spells              Type           Power        Failure   Level  Hunger
a - Infusion              Chrm           ##..         8%          1    ##.....


Dungeon Overview and Level Annotations

Branches:
Dungeon (1/15)

Altars:


Message History

This raw flesh tastes terrible.
All of the chunks of flesh in your inventory have rotted away.
d - 4 rations (gained 1)
You see here a glowing dagger.
As you open the door, it creaks loudly!
There is an open door here.
You are feeling hungry.
Done exploring.
Done exploring.
As you read the scroll labeled XICOUT VOUBAO, it crumbles to dust.
It is a scroll of identify.
c - a scroll of magic mapping
As you read the scroll of identify, it crumbles to dust.
e - a scroll of teleportation You open the door.
There is an open door here.
There is an open door here.
There is a staircase leading out of the dungeon here.
Are you sure you want to leave the Dungeon?
This will make you lose the game!
You have escaped!

.....#.#####.###'# #............
######.....#.###.## #............
##########.#.##...# ####.........
........##.#.##...# #.........
#######.#....##...# #.........
......#.#..#.##...## ##########
#####.#.######..8..##### #
#...#.#.##.............####
#.#.#.#.'...(.8.@.8.....'.#
#.#.#.#.##.............##.#
#.#.#.#.######..8..######.#######
#.#.#.#.# ##...## #........
###.#.#.# #...# ####.....
....#.#.# #...# #..... #####.#.#
#...# #..... ......#.# ##.######
#..... #######.#
#'#....######.....


There were no monsters in sight!

Vanquished Creatures
  A leopard gecko (D:1)
  A ball python (D:1)
  3 bats (D:1)
  3 giant cockroaches (D:1)
  2 goblins (D:1)
  3 hobgoblins (D:1)
  3 frilled lizards (D:1)
  4 kobolds (D:1)
  5 rats (D:1)
25 creatures vanquished.

Notes
Turn   | Place    | Note
-------+----------+-------------------------------------------
     0 | D:1      | Kairos the Human Skald began the quest for the Orb.
     0 | D:1      | Reached XP level 1. HP: 16/16 MP: 3/3
    96 | D:1      | Reached XP level 2. HP: 22/22 MP: 5/5
   742 | D:1      | Reached XP level 3. HP: 27/27 MP: 6/6
  1396 | D:$      | Got out of the dungeon alive.

Vault maps used:
D:1:      evilmike_arrival_plus, kennysheep_boxes

Action                   || total
-------------------------++-------
Melee: Mace              ||    73
 Cast: Infusion          ||     2
  Use: Scroll            ||     2
 Stab: Sleeping          ||     1
  Eat: Chunk             ||     1
Armor: Leather armour    ||    18
Dodge: Dodged            ||    45

Table legend:
 A = Spawn XP
 B = Non-spawn XP
 C = Spawn XP percentage of total XP
 D = Spawn monster count
 E = Non-spawn monster count
 F = Spawn count percentage of total count
 G = Total turns spent on level
                    A         B        C        D         E        F      G
               +---------+---------+-------+---------+---------+-------+---------
         Total |       0 |      38 |   0.0 |       0 |      25 |   0.0 |  1396
               +---------+---------+-------+---------+---------+-------+---------
           D:1 |       0 |      38 |   0.0 |       0 |      25 |   0.0 |  1396
               +---------+---------+-------+---------+---------+-------+---------
